 Dungeon Crawl Stone Soup version 0.26.1-11-gd32895ea62 (webtiles) character file.

Game seed: 9694030869329914038

3264 Araneus the Grappler (level 9, -2/80 HPs)
             Began as a Troll Monk on June 14, 2021.
             Slain by an elephant (13 damage)
             ... on level 7 of the Dungeon.
             The game lasted 00:20:11 (7217 turns).

Araneus the Grappler (Troll Monk)                   Turns: 7217, Time: 00:20:14

Health: -2/80      AC:  8    Str: 20 (21) XL:     9   Next: 68%
Magic:  8/8        EV: 11    Int:  3 (6)  God:
Gold:   420        SH:  0    Dex: 20 (21) Spells: 8/8 levels left

rFire    . . .     SeeInvis .     - Unarmed
rCold    . . .     Faith    .   (no shield)
rNeg     . . .     Spirit   .   o - +2 robe {Will+}
rPois    .         Reflect  .   (helmet restricted)
rElec    .         Harm     .   (no cloak)
rCorr    .         Rampage  .   (gloves unavailable)
Will     +....                  (boots unavailable)
Stlth    ++........             (no amulet)
HPRegen  0.63/turn              n - +6 ring of dexterity
MPRegen  0.11/turn              x - +4 ring of slaying

@: brilliant, flying
A: large, unfitting armour, claws 3, regeneration 1, shaggy fur 1, tough skin 3
a: no special abilities


You were on level 7 of the Dungeon.
You visited 2 branches of the dungeon, and saw 9 of its levels.
You also visited: Sewer.

You collected 420 gold pieces.

Inventory:

Armour
 o - a +2 robe of willpower (worn)
Jewellery
 a - a cursed amulet of inaccuracy {unknown}
 n - a +6 ring of dexterity (left claw)
 s - an uncursed amulet of magic regeneration {unknown}
 x - a +4 ring of slaying (right claw)
 B - an uncursed ring of see invisible {unknown}
 C - an uncursed ring of wizardry {unknown}
Wands
 v - a wand of acid (20)
Scrolls
 c - 15 scrolls of identify
 d - a scroll of immolation
 i - a scroll of noise {unknown}
 k - 2 scrolls of amnesia {unknown}
 l - 5 scrolls of enchant armour {unknown}
 q - 2 scrolls of random uselessness {unknown}
 t - 5 scrolls of remove curse {unknown}
 u - a scroll of torment {unknown}
 y - a scroll of fog {unknown}
 z - 4 scrolls of teleportation {unknown}
 A - a scroll of blinking
Potions
 b - a potion of invisibility {unknown}
 e - 4 potions of brilliance
 f - a potion of lignification
 g - a potion of attraction {unknown}
 h - 2 potions of degeneration
 j - a potion of ambrosia
 m - a potion of heal wounds {unknown}
 p - 2 potions of haste {unknown}
 r - 8 potions of flight
 w - 3 potions of mutation {unknown}


   Skills:
 - Level 2.4 Fighting
 - Level 2.4 Dodging
 - Level 1.0 Stealth
 + Level 13.5 Unarmed Combat


You had 8 spell levels left.
You didn't know any spells.
Your spell library was empty.

Dungeon Overview and Level Annotations

Branches:
Dungeon (8/15)             Temple (1/1) D:7            Lair (0/6) D:8
  Sewer (visited)

Altars:
Ashenzari
Elyvilon
Fedhas
Gozag
Hepliaklqana
Kikubaaqudgha
Makhleb
Nemelex Xobeh
Okawaru
Qazlal
Ru
Sif Muna
Trog
Uskayaw
Vehumet
Wu Jian
Xom
Yredelemnul
Zin
The Shining One


Innate Abilities, Weirdness & Mutations

You are too large for most types of armour.
You have claws for hands.
Your natural rate of healing is unusually fast.
You are covered in fur. (AC +1)
You have extremely tough skin. (AC +3)


Message History

The elephant trunk-slaps you but does no damage.
It was a potion of degeneration.
There was something very wrong with that liquid.
You feel weakened.
You feel dopey.
You feel clumsy.
The bullfrog hits you but does no damage.
The yak gores you.
* * * LOW HITPOINT WARNING * * *
The elephant tramples you.
* * * LOW HITPOINT WARNING * * *
You hold your ground!
The elephant trunk-slaps you but does no damage.
The bullfrog misses you.
It was a potion of flight.
You feel very buoyant.
You fly up into the air.
The yak gores you!
* * * LOW HITPOINT WARNING * * *
The bullfrog hits you.
* * * LOW HITPOINT WARNING * * *
The elephant tramples you!
You die...

##'## #.#####..# #.# ##...##
#.#####..# #.### ##.....##
#........# #.#.# ##.......##
###.###.### #..#.
###.........####........######...
..'.......).(....................
###.........###.#.....#.######...
##.......## ##YF.####.# ##.#
##.....## #@#.# #.# #.# ##...##
#Y#.####.# #.# ##'## #.#......#
####.# #.# #.######## #....# #
#.# #.# #.#### #######.## #.#
#..... .........#######.# #..###
#####.........†..# #..### #
##...#.####### #..##.


You could see an elephant, a yak and a bullfrog.

Vanquished Creatures
  Grinder (D:3)
  A steam dragon (D:7)
  A water moccasin (D:7)
  Duvessa (D:4)
  2 black bears
  2 phantoms
  An ogre (D:4)
  An orc warrior (D:6)
  2 ice beasts
  2 centaurs
  5 bullfrogs
  Dowan (D:4)
  9 wights (D:7)
  A bullfrog zombie (D:6)
  5 orc priests
  A hound (D:2)
  3 jellies (D:7)
  9 orc wizards
  A bullfrog skeleton (D:7)
  A centaur skeleton (D:4)
  Crazy Yiuf (D:3)
  2 iguanas
  4 worker ants
  A hound skeleton (D:4)
  3 worker ant zombies
  A howler monkey skeleton (D:4)
  6 adders
  3 gnolls (D:4)
  A shadow imp (D:7)
  A white imp (D:5)
  An ufetubus (D:7)
  4 oozes (Sewer)
  An adder skeleton (D:7)
  11 worms
  4 dart slugs
  5 leopard geckos
  35 orcs
  10 bats
  8 giant cockroaches
  6 goblins
  6 hobgoblins
  6 jackals
  3 quokkas
  6 ball pythons
  5 frilled lizards
  3 kobolds (D:1)
  A leopard gecko zombie (D:5)
  2 quokka zombies
  7 rats
197 creatures vanquished.

Notes
Turn   | Place    | Note
-------+----------+-------------------------------------------
     0 | D:1      | Araneus the Troll Monk began the quest for the Orb.
     0 | D:1      | Reached XP level 1. HP: 22/22 MP: 0/0
   106 | D:1      | Reached XP level 2. HP: 29/29 MP: 1/1
   396 | D:1      | Reached skill level 4 in Unarmed Combat
   542 | D:1      | Reached XP level 3. HP: 36/36 MP: 2/2
   769 | D:2      | Reached XP level 4. HP: 44/44 MP: 3/3
   780 | D:2      | Reached skill level 5 in Unarmed Combat
   857 | D:2      | Found a faded altar of an unknown god.
  1064 | D:2      | Noticed an ice beast
  1082 | D:2      | Killed an ice beast
  1083 | D:2      | Reached skill level 6 in Unarmed Combat
  1083 | D:2      | Reached XP level 5. HP: 15/50 MP: 4/4
  1426 | D:3      | Noticed Grinder
  1456 | D:3      | Killed Grinder
  1457 | D:3      | Reached skill level 7 in Unarmed Combat
  1457 | D:3      | Reached XP level 6. HP: 21/59 MP: 5/5
  1627 | D:3      | Found a runed translucent door.
  1628 | D:3      | Noticed Crazy Yiuf
  1957 | D:3      | Killed Crazy Yiuf
  2282 | D:4      | Reached skill level 8 in Unarmed Combat
  2285 | D:4      | Reached XP level 7. HP: 66/66 MP: 6/6
  2340 | D:4      | Found a shimmering blue altar of Sif Muna.
  2565 | D:4      | Reached skill level 9 in Unarmed Combat
  2665 | D:4      | You fall into a shaft and drop 1 floor!
  2665 | D:5      | Entered Level 5 of the Dungeon
  2811 | D:4      | You fall into a shaft and drop 1 floor!
  3012 | D:4      | Reached XP level 8. HP: 72/74 MP: 7/7
  3035 | D:4      | Noticed Dowan
  3038 | D:4      | Noticed Duvessa
  3051 | D:4      | Killed Duvessa
  3052 | D:4      | Reached skill level 10 in Unarmed Combat
  3056 | D:4      | Killed Dowan
  4178 | D:6      | Found a glowing drain.
  4274 | Sewer    | Entered a sewer
  4978 | D:6      | Reached skill level 11 in Unarmed Combat
  5249 | D:6      | Found an ornate altar of the Wu Jian Council.
  5561 | D:6      | Reached XP level 9. HP: 80/80 MP: 8/8
  5948 | D:7      | Reached skill level 12 in Unarmed Combat
  6127 | D:7      | Found a staircase to the Ecumenical Temple.
  6139 | Temple   | Entered the Ecumenical Temple
  6765 | D:7      | Reached skill level 13 in Unarmed Combat
  7201 | D:8      | Found a staircase to the Lair.
  7201 | D:8      | Noticed an elephant
  7217 | D:7      | Slain by an elephant

Illustrated notes

Levels and vault maps discovered:
D:1:      tarquinn_simple_flora_water_d, layout_loops_ring
D:2:      layout_basic, chequers_ecumenical_altar_simple
D:3:      layout_basic, uniq_crazy_yiuf_cottage, uniq_grinder
D:4:      layout_basic, lemuel_blue_sif_altar, uniq_duvessa
D:5:      layout_basic
D:6:      layout_layer_cave, kennysheep_mini, cheibrodos_sewer_entry_bend,
          kennysheep_another_room
D:7:      layout_loops_corners, minmay_temple_entry_glass
D:8:      layout_rooms, old_standard_altar, david_lair_generic, chequers_avenue,
          kennysheep_generic_room_4
Temple:   eino_narrow_crystal_temple

Skill      XL: |  1  2  3  4  5  6  7  8  9 |
---------------+----------------------------+-----
Unarmed Combat | 4 6 7 8 9 11 13 | 13.5
Fighting       | |  2.4
Dodging        | |  2.4
Stealth        | |  1.0

Action                   |  1- 3 |  4- 6 |  7- 9 || total
-------------------------+-------+-------+-------++-------
Melee: Unarmed           |    65 |   110 |   295 ||   470
       Punch             |       |     1 |    21 ||    22
  Use: Potion            |       |     3 |     3 ||     6
       Scroll            |       |       |     6 ||     6
 Stab: Sleeping          |     3 |     2 |     4 ||     9
       Distracted        |       |       |     1 ||     1
Armor: Robe              |    19 |    24 |    74 ||   117
       Skin              |       |     1 |       ||     1
Dodge: Dodged            |    35 |    50 |   147 ||   232
